 Dungeon Crawl Stone Soup version 0.22.0-49-gab54619674 (webtiles) character file.

63 IceCat the Chopper (level 4, -4/40 HPs)
             Began as a Hill Orc Fighter on Sept 4, 2018.
             Slain by a sky beast (5 damage)
             ... on level 5 of the Dungeon.
             The game lasted 00:02:33 (1508 turns).

IceCat the Chopper (Hill Orc Fighter)               Turns: 1508, Time: 00:02:33

Health: -4/40      AC: 11    Str: 18    XL:     4   Next: 10%
Magic:  4/4        EV:  3    Int:  8    God:
Gold:   87         SH:  9    Dex: 11    Spells: 3/3 levels left

rFire    . . .     SeeInvis .   a - +0 war axe
rCold    . . .     Gourm    +   c - +0 shield
rNeg     . . .     Faith    .   h - +0 plate armour
rPois    .         Spirit   .   (no helmet)
rElec    .         Reflect  .   (no cloak)
rCorr    .         Harm     .   (no gloves)
MR       .....                  (no boots)
Stlth    ..........             k - amulet of the gourmand
HPRegen  0.13/turn              (no ring)
MPRegen  0.09/turn              (no ring)

@: no status effects
A: no striking features
a: no special abilities


You were on level 5 of the Dungeon.
You were very full.

You visited 1 branch of the dungeon, and saw 5 of its levels.

You collected 87 gold pieces.

Inventory:

Hand Weapons
 a - a +0 war axe (weapon)
Armour
 b - a +0 scale mail
 c - a +0 shield (worn)
 h - a +0 plate armour (worn)
Jewellery
 k - an amulet of the gourmand (around neck)
 l - a cursed -3 ring of evasion {unknown}
Scrolls
 e - a scroll of teleportation {unknown}
 g - 3 scrolls of blinking {unknown}
 i - a scroll of identify {unknown}
 j - 3 scrolls of remove curse {unknown}
 m - 3 scrolls of enchant weapon {unknown}
 n - a scroll of fear {unknown}
 o - 2 scrolls of immolation {unknown}
Potions
 d - a potion of might
 p - 2 potions of ambrosia {unknown}
 q - a potion of resistance {unknown}
Comestibles
 f - 8 rations


   Skills:
 + Level 4.0 Fighting
 + Level 4.1 Axes
 + Level 4.0 Armour
 + Level 3.7 Shields


You had 3 spell levels left.
You didn't know any spells.
Your spell library was empty.

Dungeon Overview and Level Annotations

Branches:
Dungeon (6/15)
 Temple: D:4-7

Altars:
Ashenzari

Annotations:
D:6 Blork the orc


Message History

Something shocks you.
* * * LOW HITPOINT WARNING * * *
You barely miss something. Something hits you but does no damage.
You miss something. Something hits you.
* * * LOW HITPOINT WARNING * * *
Something shocks you.
* * * LOW HITPOINT WARNING * * *
Something hits you but does no damage.
You miss something.
A sky beast appears from thin air!
Reactivating autopickup.
You block the sky beast's attack.
You completely miss the sky beast.
The sky beast is severely wounded.
You block the sky beast's attack.
Your plate armour prevents you from hitting the sky beast.
The sky beast is severely wounded.
You block the sky beast's attack. The sky beast hits you.
* * * LOW HITPOINT WARNING * * *
The sky beast shocks you.
You die...

# .......... #.
..........
#.##..<......
#............
#...........
###........>..
##............<
.....[.@.#
##....Y..#
#?..ยงยง..#
.........#
......=..#
.....[...#
##########


You could see a sky beast.

Vanquished Creatures
  An adder (D:2)
  A worm (D:2)
  2 dart slugs (D:1)
  3 leopard geckos
  A giant cockroach (D:1)
  4 goblins
  3 hobgoblins
  7 jackals
  7 kobolds
  A quokka (D:2)
  A ball python (D:2)
  4 bats
  2 frilled lizards
  5 rats
42 creatures vanquished.

Notes
Turn   | Place    | Note
-------+----------+-------------------------------------------
     0 | D:1      | IceCat the Hill Orc Fighter began the quest for the Orb.
     0 | D:1      | Reached XP level 1. HP: 19/19 MP: 1/1
   137 | D:1      | Reached XP level 2. HP: 21/27 MP: 2/2
   565 | D:1      | Reached XP level 3. HP: 33/33 MP: 3/3
  1015 | D:2      | Found a shattered altar of Ashenzari.
  1089 | D:2      | Reached XP level 4. HP: 39/40 MP: 4/4
  1477 | D:3      | You fall through a shaft for 3 floors!
  1478 | D:6      | Noticed Blork the orc
  1480 | D:5      | Entered Level 5 of the Dungeon
  1480 | D:5      | Noticed a sky beast
  1508 | D:5      | HP: 1/40 [sky beast (3)]
  1508 | D:5      | Slain by a sky beast

Skill      XL: |  1  2  3  4 |
---------------+-------------+-----
Axes           | 3 4 |  4.1
Fighting       | 4 |  4.0
Armour         | 4 |  4.0
Shields        | |  3.7

Action                   |  1- 3 |  4- 6 || total
-------------------------+-------+-------++-------
Melee: War axe           |   130 |    45 ||   175
  Eat: Chunk             |     9 |     4 ||    13
Armor: Plate armour      |    69 |    36 ||   105
Dodge: Dodged            |    18 |     4 ||    22
Block: Shield            |    67 |    11 ||    78
